 Dungeon Crawl Stone Soup version 0.30-a0-218-gedb9141078 (webtiles) character file.

Game seed: 15876231125939733292

116845 freelancePsychic the Warrior (level 16, -2/166 (173) HPs)
             Began as an Armataur Conjurer on Oct 5, 2022.
             Was a High Priest of Ashenzari.
             Slain by a bunyip (10 damage)
             ... on level 4 of the Swamp.
             The game lasted 01:11:28 (38071 turns).

freelancePsychic the Warrior (Armataur Conjurer)   Turns: 38071, Time: 01:11:29

HP:   -2/166 (173)  AC: 20    Str: 12    XL:     16   Next: 21%
MP:   12/41         EV:  9    Int: 22    God:    Ashenzari [*****.]
Gold: 465           SH: 18    Dex: 14    Spells: 8/39 levels left

rFire   + + .      SeeInvis +    g - +2 dagger of the Prophetic Anxiety {drain, Cun, Self} (curse)
rCold   . . .      Faith    .    f - +0 kite shield "Lashed With Me" {Bglg, Evo} (curse)
rNeg    . . .      Spirit   .    N - +2 robe of Ashenzari's Annoyance {rElec rPois rF++ Slay-3, Elem, Evo} (curse)
rPois   +          Reflect  +    u - +2 helmet "Restrained With Me" {Self, Elem} (curse)
rElec   +          Harm     .    w - +0 cloak of Ashenzari's Scepticism {Melee, Elem} (curse)
rCorr   .          Roll     +    h - +0 pair of gloves "Distant Secrets" {Comp, Fort} (curse)
Will    ++...      Archmagi +    d - +1 barding of Hegu {Will+}
Stlth   ++++...... Clarity  +    l - amulet of Apeoromancy {Reflect SH+5, Elem, Comp} (curse)
HPRegen 0.47/turn                D - ring of the Mage {Wiz Archmagi, Self, Bglg} (curse)
MPRegen 0.27/turn                q - ring "Profound Bitterness" {MP+9, Evo, Alch} (curse)

@: studying 2 skills, lightly drained
A: large, rugged brown scales 3, deformed body, armoured tail, roll, long
tongue, awkward tongue
a: Renounce Religion, Curse Item, Shatter the Chains


You were on level 4 of the Swamp.
You worshipped Ashenzari.
Ashenzari was extremely pleased with you.
You visited 5 branches of the dungeon, and saw 27 of its levels.
You visited 1 bazaar.
You also visited: Ossuary, Bailey, Gauntlet and Ice Cave.

You collected 2688 gold pieces.
You spent 2223 gold pieces at shops.

Inventory:

Hand Weapons
 g - the cursed +2 dagger of the Prophetic Anxiety (weapon) {drain, Cun, Self}
   (You found it on level 1 of the Dungeon)

   A truly terrible weapon, it drains the life of any living foe it strikes.
   It has a curse which improves the following skills: Cunning: Dodging and
   Stealth.
   Introspection: Fighting and Spellcasting.
Armour
 d - the +1 barding of Hegu (worn) {Will+}
   (You acquired it in a bazaar)

   Will:      It increases your willpower.
 f - the cursed +0 kite shield "Lashed With Me" (worn) {Bglg, Evo}
   (You found it on level 2 of the Dungeon)

   It has a curse which improves the following skills: Beguiling: Conjurations,
   Hexes and Translocations.
   Evocations: Evocations.
 h - the cursed +0 pair of gloves "Distant Secrets" (worn) {Comp, Fort}
   (You found it on level 1 of the Dungeon)

   It has a curse which improves the following skills: Companions: Summonings
   and Necromancy.
   Fortitude: Armour and Shields.
 k - a +2 pair of gloves
 u - the cursed +2 helmet "Restrained With Me" (worn) {Self, Elem}
   (You took it off Robin on level 3 of the Dungeon)

   It has a curse which improves the following skills: Introspection: Fighting
   and Spellcasting.
   Elements:  Fire Magic, Ice Magic, Air Magic and Earth Magic.
 w - the cursed +0 cloak of Ashenzari's Scepticism (worn) {Melee, Elem}
   (You found it on level 4 of the Dungeon)

   It has a curse which improves the following skills: Melee Combat: Short
   Blades, Long Blades, Axes, Maces & Flails, Polearms, Staves and Unarmed
   Combat.
   Elements:  Fire Magic, Ice Magic, Air Magic and Earth Magic.
 N - the cursed +2 robe of Ashenzari's Annoyance (worn) {rElec rPois rF++ Slay-3, Elem, Evo}
   (You bought it in a shop on level 11 of the Dungeon)

   Slay:      It affects your accuracy & damage with ranged weapons and melee
   (-3).
   rF:        It greatly protects you from fire.
   rElec:     It insulates you from electricity.
   rPois:     It protects you from poison.
   It has a curse which improves the following skills: Elements: Fire Magic, Ice
   Magic, Air Magic and Earth Magic.
   Evocations: Evocations.
 P - a +1 tower shield of cold resistance
Magical Staves
 Z - a staff of conjuration
Jewellery
 l - the cursed amulet of Apeoromancy (around neck) {Reflect SH+5, Elem, Comp}
   (You took it off a kobold on level 2 of the Dungeon)

   [amulet of reflection]

   It reflects blocked missile attacks.
   SH:        It affects your SH (+5).
   It has a curse which improves the following skills: Elements: Fire Magic, Ice
   Magic, Air Magic and Earth Magic.
   Companions: Summonings and Necromancy.
 p - a ring of flight
 q - the cursed ring "Profound Bitterness" (right hand) {MP+9, Evo, Alch}
   (You found it on level 3 of the Dungeon)

   [ring of magical power]

   MP:        It affects your magic capacity (+9).
   It has a curse which improves the following skills: Evocations: Evocations.
   Alchemy:   Poison Magic and Transmutations.
 D - the cursed ring of the Mage (left hand) {Wiz Archmagi, Self, Bglg}
   (You found it on level 8 of the Dungeon)

   [ring of wizardry]

   It improves your spell success rate.
   Archmagi:  It increases the power of your magical spells.
   It has a curse which improves the following skills: Introspection: Fighting
   and Spellcasting.
   Beguiling: Conjurations, Hexes and Translocations.
 E - a +6 ring of strength
 J - a +6 ring of dexterity
 M - a +4 ring of evasion
 Q - a ring of positive energy
 Y - a ring of magical power
Wands
 n - a wand of mindburst (13)
 K - a wand of charming (31)
 S - a wand of flame (25)
 T - a wand of iceblast (13)
 U - a wand of polymorph (5)
 X - a wand of digging (5)
Scrolls
 i - 8 scrolls of vulnerability
 m - 7 scrolls of immolation
 s - 5 scrolls of silence
 t - 3 scrolls of enchant armour
 v - 7 scrolls of blinking
 x - 6 scrolls of butterflies
 y - 6 scrolls of poison
 A - 4 scrolls of amnesia
 B - 10 scrolls of teleportation {@r4}
 H - 6 scrolls of fear
 R - 2 scrolls of brand weapon
 V - a scroll of magic mapping
 W - 3 scrolls of summoning
Potions
 b - 4 potions of magic
 c - 16 potions of curing {@q1}
 e - 4 potions of lignification
 j - 4 potions of might
 o - 8 potions of cancellation
 r - 2 potions of attraction
 z - 2 potions of mutation
 C - 6 potions of haste {@q3}
 F - 7 potions of heal wounds {@q2}
 G - 3 potions of resistance
 I - 3 potions of invisibility
 O - a potion of ambrosia
Miscellaneous
 a - a tin of tremorstones (2/2)
 L - a condenser vane


   Skills:
 - Level 15.6(20.0) Fighting
 - Level 1.2(2.6) Short Blades
 - Level 8.3(10.6) Armour
 - Level 4.0(6.1) Dodging
 - Level 6.0(8.3) Stealth
 - Level 11.8(14.0) Shields
 - Level 7.8(12.3) Spellcasting
 - Level 13.8(17.2) Conjurations
 - Level 4.5(7.8) Translocations
 + Level 10.5(16.0) Fire Magic
 - Level 2.8(7.1) Air Magic
 - Level 5.0(10.1) Earth Magic


You had 8 spell levels left.
You knew the following spells:

 Your Spells              Type           Power      Damage    Failure   Level
b - Ignition              Fire           45%        3d13      26%         8
c - Iskenderun's Mystic   Conj/Tloc      80%        2d16      1%          4
d - Lee's Rapid Deconstr  Erth           36%        3d19*     1%          5
e - Arcjolt               Conj/Air       39%        1d49      1%          5
f - Searing Ray           Conj           100%       2d8       0%          2
i - Orb of Destruction    Conj           47%        9d12      2%          7

Your spell library contained the following spells:

 Spells                   Type           Power      Damage    Failure   Level
 Foxfire                  Conj/Fire      100%       2x1d9     0%          1
 Magic Dart               Conj           100%       1d8       0%          1
 Cigotuvi's Dreadful Rot  Necr/Pois/Air  74%        N/A       1%          2
 Passwall                 Tmut/Erth      44%        N/A       1%          2
 Poisonous Vapours        Pois/Air       88%        N/A       1%          2
 Static Discharge         Conj/Air       100%       2-7/arc   1%          2
 Dazzling Flash           Conj/Hex       100%       N/A       1%          3
 Hailstorm                Conj/Ice       68%        3d14      1%          3
 Ignite Poison            Fire/Tmut/Pois 54%        N/A       1%          3
 Inner Flame              Hex/Fire       65%        N/A       1%          3
 Kindle Blastsparks       Fire/Tloc/Air  100%       2d18      1%          3
 Mephitic Cloud           Conj/Pois/Air  65%        N/A       1%          3
 Stone Arrow              Conj/Erth      100%       3d13      1%          3
 Swiftness                Air            61%        N/A       1%          3
 Vhi's Electric Charge    Tloc/Air       100%       N/A       1%          3
 Flame Wave               Conj/Fire      92%        2d19      1%          4
 Fulminant Prism          Conj/Hex       34%        3d16      1%          4
 Sticky Flame             Conj/Fire      92%        2d10      1%          4
 Iskenderun's Battlesphe  Conj           94%        2d14      1%          5
 Lightning Bolt           Conj/Air       39%        1d58      1%          5
 Sting                    Tmut/Pois      88%        1d7       2%          1
 Freezing Cloud           Conj/Ice/Air   33%        6-21      2%          5
 Ensorcelled Hibernation  Hex/Ice        48%        N/A       3%          2
 Animate Armour           Summ/Erth      100%       N/A       3%          4
 Leda's Liquefaction      Hex/Erth       26%        N/A       3%          4
 Ozocubu's Armour         Ice            25%        N/A       6%          3
 Spider Form              Tmut/Pois      22%        N/A       9%          3
 Ice Form                 Ice/Tmut       24%        N/A       24%         4
 Dispel Undead            Necr           23%        3d12      26%         4
 Olgreb's Toxic Radiance  Pois           22%        N/A       26%         4
 Statue Form              Tmut/Erth      35%        N/A       45%         6
 Metabolic Englaciation   Hex/Ice        12%        N/A       52%         5
 Lehudib's Crystal Spear  Conj/Erth      42%        10d10     56%         8
 Simulacrum               Ice/Necr       12%        N/A       97%         6
 Death Channel            Necr           11%        N/A       98%         6
 Ozocubu's Refrigeration  Ice            12%        4d10      100%        7


Dungeon Overview and Level Annotations

Branches:
Dungeon (15/15)            Temple (1/1) D:4            Lair (5/5) D:8
  Swamp (4/4) Lair:3       Spider (0/4) Lair:3        Slime (0/5) Lair:5
    Orc (2/2) D:11            Elf (0/3) Orc:2        Vaults (0/5) D:13
 Depths (0/4) D:15        Ossuary (visited)          Bailey (visited)
  IceCv (visited)         Gauntlet (visited)

Altars:
Ashenzari
Elyvilon
Fedhas
Gozag
Hepliaklqana
Kikubaaqudgha
Makhleb
Nemelex Xobeh
Okawaru
Qazlal
Ru
Sif Muna
Trog
Uskayaw
Vehumet
Wu Jian
Xom
Yredelemnul
Zin
The Shining One

Shops:
D:8 !   D:11 [   D:14 :   Orc:1 =   Orc:2 ([[

Annotations:
D:2 Sigmund
D:3 Terence
D:4 exclusion: statue
D:8 2 runed translucent doors
D:10 3 runed translucent doors, MrSquiggles's ghost, journeyman OpCj


Innate Abilities, Weirdness & Mutations

You are completely covered in rugged brown scales. (AC +3, +7% HP)
Armour fits poorly on your strangely shaped body.
You have a long armoured tail.
You roll when moving toward enemies. (Rampage)
Your long tongue fully drains potion bottles. (2x potion effects)
Your tongue gives you trouble enunciating. (1.5x scroll delay)


Message History

The spectral anaconda bites you.
You feel drained. The spectral anaconda constricts you.
The spectral fenstrider witch hits you but does no damage.
The spectral fenstrider witch kicks you.
You feel drained.
The bunyip is engulfed in spectral mist.
The bunyip howls a warning cry!
You block the spectral spriggan air mage's attack.
You block the spectral anaconda's attack.
The spectral anaconda constricts you.
The will-o-the-wisp gestures.
The will-o-the-wisp conjures some foxfire!
The ghost crab bites you!
The ghost crab claws you but does no damage.
You hear an angry hiss.
You hear a roar!
You hear a shout! x6
You hear a hideous shriek! 2 foxfires come into view.
Casting: Arcjolt (mildly dangerous; 1% risk of failure)
Confirm with . or Enter, or press ? or * to list all spells.
You feel a surge of power!
Electricity surges outward!
The spectral spriggan air mage is severely damaged.
The spectral anaconda is heavily damaged.
You destroy the ghost crab!
The spectral spriggan berserker fades away!
You destroy the ghost crab!
The spectral spriggan air mage fades away!
The spectral fenstrider witch fades away!
The spectral anaconda loses its grip on you.
The spectral anaconda fades away!
The bunyip is severely wounded.
You are engulfed in spectral mist.
* * * LOW HITPOINT WARNING * * *
The foxfire is engulfed in spectral mist.
The foxfire hits you! You resist.
* * * LOW HITPOINT WARNING * * *
The bunyip is engulfed in spectral mist.
You block the bunyip's attack. The bunyip claws you!!
* * * LOW HITPOINT WARNING * * *
The bunyip claws you!
You die...

♣♣♣♣~{.♣~x§{ * * ~
* * ♣.<§♣~~~..§*,
~, ~,~~ ~ ♣.~~.♣*
.{♣ * .~. * ~ ~
♣♣.~.♣♣♣♣§♣ * ... ~
~** ♣♣♣♣.~~§v♣ *
.~.# ~ ~
♣.~†~§♣♣♣♣♣~.~#{~
*, ~
♣...○○§.~○°.§~#{ ,
♣♣..°☼vx○○♣°§~#~ ,*
* ♣°§○☼§@†○○...#
*** ~
♣♣.§§♣°○~☼○..# ,~ ~
♣♣♣♣☼.~○○☼~~#* * *~
** ~♣.☼~§°°§~~# ~
*, §~~~~~~~~~.# ~ *
***,,**
~§~~..~§~~§~#** ~
,......~♣♣..~~~.**,
,, .~~..♣♣♣ ..~~~~
**, ~~ * .~~..
~~~.~.♣* * ,~


You could see a bunyip and a will-o-the-wisp.

Vanquished Creatures
  A tentacled monstrosity (Swamp:2)
  A fenstrider witch (Swamp:3)
  An orc warlord (Orc:2)
  A stone giant (D:15)
  3 eleionomae (Swamp:2)
  2 bunyips (Swamp:3)
  Nessos (Lair:5)
  A minotaur (Gauntlet)
  Josephine (Lair:3)
  2 vault guards (Bailey)
  A rakshasa (D:13)
  A hell beast (Gauntlet)
  8 hydras
  3 catoblepae
  2 ghost crabs (Swamp:4)
  Erica (Lair:1)
  5 alligators
  2 dancing weapons (D:13)
  2 two-headed ogres
  6 death yaks
  A deep troll shaman (Lair:5)
  5 tengu warriors
  6 boulder beetles
  Sonja (D:10)
  A death drake (Swamp:3)
  5 goliath frogs
  4 spriggan druids
  A swamp dragon (Swamp:3)
  2 bog bodies
  A lindwurm (Lair:5)
  A wizard (D:14)
  An oklob plant (Lair:5)
  3 orc sorcerers (Orc:2)
  A necromancer (IceCv)
  A deep elf pyromancer (D:12)
  7 cyclopes
  5 ugly things
  A will-o-the-wisp (Swamp:2)
  2 manticores (D:13)
  17 elephants
  An eye of devastation (Gauntlet)
  2 ice statues (IceCv)
  3 gargoyles
  6 black mambas
  11 cane toads
  3 unseen horrors
  3 rime drakes
  2 efreet
  2 freezing wraiths
  An anaconda simulacrum (IceCv)
  10 komodo dragons
  5 ice devils (IceCv)
  2 tengu conjurers (D:15)
  A meliai (Lair:3)
  7 trolls
  13 hornets
  4 polar bears
  2 bloated husks (Swamp:1)
  8 tyrant leeches
  19 slime creatures
  A tarantella (shapeshifter) (D:13)
  Prince Ribbit (Bailey)
  12 blink frogs
  4 snapping turtles (D:14)
  A centaur simulacrum (D:13)
  2 shadows (D:13)
  13 spriggans
  A wyvern (shapeshifter) (D:14)
  6 wraiths
  A dire elephant simulacrum (IceCv)
  4 humans (Bailey)
  4 fire bats (D:8)
  A water elemental (D:14)
  45 yaks
  4 wyverns
  A hog (shapeshifter) (D:14)
  4 vampire mosquitoes
  2 steam dragons
  10 basilisks
  A basilisk (shapeshifter) (D:13)
  5 wargs
  6 acid dragons
  5 harpy simulacra (IceCv)
  11 swamp worms
  3 hydra simulacra (IceCv)
  A hell hound (D:8)
  A floating eye (Gauntlet)
  9 water moccasins
  4 swamp drakes
  3 ice beasts
  2 sky beasts
  29 orc warriors
  A sky beast (shapeshifter) (D:15)
  A black bear (Lair:5)
  5 small abominations (Gauntlet)
  23 wolves
  4 ogres
  5 centaurs
  2 kobold brigands
  3 elf zombies (Ossuary)
  20 bullfrogs
  Blork the orc (D:5)
  2 two-headed ogre simulacra (IceCv)
  A necrophage (D:5)
  3 scorpions
  4 killer bees (Lair:3)
  3 electric eels (D:14)
  8 howler monkeys
  4 centaur zombies (Ossuary)
  4 lava snakes (D:8)
  5 human zombies (Ossuary)
  14 orc priests
  5 jellies
  A hound (D:6)
  Jessica (D:2)
  Ijyb (D:3)
  4 iguanas
  24 orc wizards
  A spriggan simulacrum (IceCv)
  3 wolf simulacra (IceCv)
  4 mummies
  Robin (D:3)
  6 gnolls
  7 adders
  2 white imps
  An ufetubus (D:5)
  2 worms (D:2)
  3 dart slugs
  94 orcs
  6 ball pythons
  15 bats
  5 endoplasms
  2 giant cockroaches
  18 goblins
  15 hobgoblins
  18 kobolds
  5 quokkas
  4 frilled lizards
  5 goblin skeletons (D:8)
  A goblin zombie (D:5)
  2 hobgoblin zombies (D:8)
  A kobold skeleton (D:8)
  2 kobold zombies
  2 orc skeletons (D:8)
  An orc zombie (D:8)
  5 rats
  3 fire vortices (D:8)
796 creatures vanquished.

Vanquished Creatures (others)
  An alligator (Swamp:4)
  A bloated husk (Swamp:2)
  A tyrant leech (Swamp:2)
  2 swamp worms (Swamp:4)
  2 orc wizards (D:10)
  A goblin (D:10)
  3 foxfires (Swamp:4)
  24 fungi
  105 plants
  4 withered plants (D:9)
144 creatures vanquished.

Grand Total: 940 creatures vanquished

Notes
Turn   | Place    | Note
-------+----------+-------------------------------------------
     0 | D:1      | freelancePsychic the Armataur Conjurer began the quest for
                  | the Orb.
     0 | D:1      | Reached XP level 1. HP: 14/14 MP: 3/3
   129 | D:1      | Reached XP level 2. HP: 21/21 MP: 0/4
   145 | D:1      | Learned a level 2 spell: Searing Ray
   607 | D:1      | Reached XP level 3. HP: 22/27 MP: 6/6
  1119 | D:2      | Noticed Sigmund
  1402 | D:2      | Reached XP level 4. HP: 30/35 MP: 2/7
  1609 | D:2      | Noticed Jessica
  1621 | D:2      | Killed Jessica
  1622 | D:2      | Reached skill level 1 in Translocations
  1937 | D:3      | Noticed Ijyb
  1965 | D:3      | Killed Ijyb
  1993 | D:3      | Reached XP level 5. HP: 40/40 MP: 3/8
  2083 | D:3      | Learned a level 4 spell: Iskenderun's Mystic Blast
  2272 | D:3      | Noticed Terence
  2288 | D:3      | Reached skill level 5 in Stealth
  2762 | D:3      | Noticed Robin
  2771 | D:3      | Killed Robin
  3027 | D:4      | Reached XP level 6. HP: 39/48 MP: 9/9
  3295 | D:4      | Found a staircase to the Ecumenical Temple.
  3304 | Temple   | Entered the Ecumenical Temple
  3350 | Temple   | Became a worshipper of Ashenzari the Shackled
  3694 | D:4      | Found a radiant altar of Vehumet.
  4165 | D:5      | Entered Level 5 of the Dungeon
  4195 | D:5      | Found a shimmering altar of Xom.
  4197 | D:5      | Found a shimmering altar of Xom.
  4200 | D:5      | Found a shimmering altar of Xom.
  4202 | D:5      | Found a shimmering altar of Xom.
  4204 | D:5      | Found a shimmering altar of Xom.
  4209 | D:5      | Found a shimmering altar of Xom.
  4209 | D:5      | Found a shimmering altar of Xom.
  4285 | D:5      | Reached skill level 1 in Fighting
  4364 | D:5      | Found an opulent altar of Gozag.
  4368 | D:5      | Noticed an ice beast
  4398 | D:5      | Reached skill level 5 in Conjurations
  4398 | D:5      | Reached XP level 7. HP: 46/55 MP: 7/10
  4406 | D:5      | Found a sand-covered staircase.
  4473 | Ossuary  | Entered an ossuary
  4680 | Ossuary  | Reached skill level 2 in Fighting
  4988 | Ossuary  | Reached skill level 3 in Fighting
  4988 | Ossuary  | Reached XP level 8. HP: 58/67 MP: 3/11
  5334 | D:5      | Found a bloodstained altar of Trog.
  5373 | D:5      | Found a stormy altar of Qazlal.
  5443 | D:5      | Reached * piety under Ashenzari
  5455 | D:5      | Noticed Blork the orc
  5464 | D:5      | Killed Blork the orc
  5465 | D:5      | Reached skill level 1 in Short Blades
  5936 | D:5      | Found a white marble altar of Elyvilon.
  6091 | D:6      | Reached ** piety under Ashenzari
  6096 | D:6      | Reached skill level 1 in Earth Magic
  6189 | D:6      | Reached skill level 4 in Fighting
  6201 | D:6      | Identified a scroll of acquirement
  6213 | D:6      | Acquired the Atlas of Lethal Shapes
  6221 | D:6      | Learned a level 5 spell: Iskenderun's Battlesphere
  6630 | D:6      | Found a hazy altar of Hepliaklqana.
  6728 | D:6      | Reached skill level 5 in Fighting
  7160 | D:6      | Reached XP level 9. HP: 64/84 MP: 1/14
  7875 | D:7      | Reached skill level 6 in Fighting
  8332 | D:8      | Noticed a two-headed ogre
  8340 | D:8      | Killed a two-headed ogre
  8341 | D:8      | Reached skill level 7 in Fighting
  8472 | D:8      | Reached *** piety under Ashenzari
  8490 | D:8      | Found a large runed translucent door.
  8491 | D:8      | Found a large runed translucent door.
  8552 | D:8      | Found a blossoming altar of Fedhas.
  8555 | D:8      | Identified the +6 quarterstaff "Uphyju" {vorpal, Drain
                  | rElec rN++ Str+4}
  8632 | D:8      | Noticed a komodo dragon
  8671 | D:8      | Noticed a komodo dragon
  8987 | D:8      | Found a glowing golden altar of the Shining One.
  9048 | D:8      | Found Yschiy's Distillery.
  9067 | D:8      | Reached XP level 10. HP: 100/100 MP: 16/16
  9359 | D:8      | Found the ring of the Mage {Wiz Archmagi}
  9448 | D:8      | Reached skill level 8 in Fighting
  9633 | D:8      | Reached **** piety under Ashenzari
  9813 | D:8      | Reached skill level 1 in Shields
 10139 | D:8      | Found a staircase to the Lair.
 10602 | D:9      | Reached skill level 10 in Conjurations
 11027 | D:9      | Found a basalt altar of Yredelemnul.
 11179 | D:9      | Reached skill level 5 in Shields
 11272 | D:9      | Found a burning altar of Makhleb.
 11603 | D:10     | Entered Level 10 of the Dungeon
 11603 | D:10     | Noticed Sonja
 11606 | D:10     | Killed Sonja
 11607 | D:10     | Found a flagged portal.
 11620 | Bailey   | Entered a bailey
 11719 | Bailey   | Reached XP level 11. HP: 109/109 MP: 14/17
 11909 | Bailey   | Noticed Prince Ribbit
 11909 | Bailey   | Noticed a vault guard
 11929 | Bailey   | Killed a vault guard
 11933 | Bailey   | Killed Prince Ribbit
 12075 | Bailey   | Noticed a vault guard
 12110 | Bailey   | Killed a vault guard
 12814 | D:10     | Found a runed translucent gate.
 12814 | D:10     | Found a shimmering blue altar of Sif Muna.
 12814 | D:10     | Found a runed translucent gate.
 12814 | D:10     | Found a runed translucent gate.
 13136 | D:10     | Noticed a two-headed ogre
 13147 | D:10     | Killed a two-headed ogre
 13392 | D:10     | Identified Sif Muna's Secrets of Hurting
 13516 | D:10     | Found an iron altar of Okawaru.
 13574 | D:10     | Noticed MrSquiggles's ghost (journeyman OpCj)
 13582 | D:10     | Learned a level 5 spell: Lee's Rapid Deconstruction
 13618 | D:11     | Noticed a boulder beetle
 13667 | D:11     | Found a gate leading to a gauntlet.
 13672 | Gauntlet | Entered a Gauntlet
 13672 | Gauntlet | Found a transporter.
 13672 | Gauntlet | Found a transporter.
 13676 | Gauntlet | Found a transporter.
 13676 | Gauntlet | Found a transporter.
 13685 | Gauntlet | Found a transporter.
 13710 | Gauntlet | Found a transporter.
 13710 | Gauntlet | Identified the Atlas of Remoulded Jinxing
 13712 | Gauntlet | Identified the +0 hat "Seomia" {Contam rN+++ Will- Stlth+}
 13712 | Gauntlet | Noticed a hell beast
 13714 | Gauntlet | Found a transporter.
 13714 | Gauntlet | Noticed an orange crystal statue
 13715 | Gauntlet | Found a transporter.
 13717 | Gauntlet | Found a transporter.
 13723 | Gauntlet | Found a transporter.
 13729 | Gauntlet | Found a transporter.
 13775 | Gauntlet | Found a transporter.
 13821 | Gauntlet | Found a transporter.
 13836 | Gauntlet | Found a transporter.
 13936 | Gauntlet | Found a transporter.
 13954 | Gauntlet | Found a transporter.
 14055 | Gauntlet | Reached ***** piety under Ashenzari
 14296 | Gauntlet | Killed a hell beast
 14417 | Gauntlet | Identified the +6 sling of Mozxio {flame, rF+ rC+ Dex-5}
 14417 | Gauntlet | Noticed a minotaur
 14423 | Gauntlet | Killed a minotaur
 14546 | D:11     | Found a staircase to the Orcish Mines.
 14716 | D:11     | Reached skill level 5 in Earth Magic
 14913 | D:11     | Found Efyiche's Antique Armour Boutique.
 14986 | D:11     | Bought a ripped robe for 142 gold pieces
 14986 | D:11     | Identified the +2 robe of Huyw {rElec rPois rF++ Slay-3}
                  | (You bought it in a shop on level 11 of the Dungeon)
 15134 | D:11     | Reached skill level 5 in Spellcasting
 15389 | D:12     | Reached XP level 12. HP: 120/120 MP: 23/25
 15414 | D:12     | Learned a level 7 spell: Orb of Destruction
 15435 | D:12     | Found a frozen archway.
 15443 | IceCv    | Entered an ice cave
 16928 | D:12     | Found a sacrificial altar of Ru.
 17883 | Lair:1   | Entered Level 1 of the Lair of Beasts
 18377 | Lair:1   | Noticed Erica
 18384 | Lair:1   | Killed Erica
 18385 | Lair:1   | Reached skill level 9 in Fighting
 19374 | Lair:2   | Noticed a seven-headed hydra
 19380 | Lair:2   | Killed a seven-headed hydra
 19381 | Lair:2   | Reached XP level 13. HP: 131/131 MP: 5/29
 19529 | Lair:2   | Reached skill level 10 in Shields
 20565 | Lair:3   | Noticed Josephine
 20576 | Lair:3   | Killed Josephine
 20761 | Lair:3   | Found a staircase to the Swamp.
 20773 | Lair:3   | Reached skill level 10 in Fighting
 21246 | Lair:3   | Found a hole to the Spider Nest.
 22861 | Lair:4   | Reached skill level 11 in Fighting
 23078 | Lair:4   | Identified the +1 long sword of the Nine Visionaries
                  | {spect, rC+ rCorr Int+4}
 23398 | Lair:5   | Entered Level 5 of the Lair of Beasts
 23404 | Lair:5   | Noticed Nessos
 24126 | Lair:5   | Reached skill level 1 in Armour
 24126 | Lair:5   | Killed Nessos
 24127 | Lair:5   | Reached XP level 14. HP: 146/146 MP: 18/30
 24268 | Lair:5   | Found a staircase to the Slime Pits.
 24723 | Lair:5   | Reached skill level 12 in Fighting
 25534 | Lair:5   | Reached skill level 5 in Armour
 25719 | Lair:5   | Reached skill level 13 in Fighting
 26149 | Lair:5   | Identified the +0 robe of the Louse {Harm rPois Int+4
                  | Stlth-}
 26178 | Lair:5   | Learned a level 5 spell: Arcjolt
 26693 | Orc:1    | Entered Level 1 of the Orcish Mines
 26693 | Orc:1    | Found Zaulud's Jewellery Boutique.
 26780 | Orc:1    | Reached skill level 1 in Air Magic
 27242 | Orc:2    | Entered Level 2 of the Orcish Mines
 27242 | Orc:2    | Found a flickering gateway to a bazaar.
 27367 | Orc:2    | Reached ****** piety under Ashenzari
 27414 | Bazaar   | Entered a bazaar
 27414 | Bazaar   | Found Irymywoe's Antique Weapon Shop.
 27414 | Bazaar   | Found Bungal's Weapon Shop.
 27414 | Bazaar   | Found Riezae's Magic Scroll Shoppe.
 27416 | Bazaar   | Found Luuj's Magic Scroll Shoppe.
 27474 | Bazaar   | Bought a scroll of enchant armour for 75 gold pieces
 27474 | Bazaar   | Bought 2 scrolls of summoning for 190 gold pieces
 27474 | Bazaar   | Bought a scroll of immolation for 40 gold pieces
 27474 | Bazaar   | Bought a scroll of acquirement for 520 gold pieces
 27474 | Bazaar   | Bought a scroll of teleportation for 30 gold pieces
 27474 | Bazaar   | Bought a scroll of fear for 40 gold pieces
 27474 | Bazaar   | Acquired the +1 barding of Hegu {Will+}
 27481 | Bazaar   | Bought a scroll of teleportation for 36 gold pieces
 27481 | Bazaar   | Bought a scroll of immolation for 48 gold pieces
 27791 | Orc:2    | Found Ackieg's Assorted Antiques.
 28075 | Orc:2    | Noticed an orc warlord
 28082 | Orc:2    | Killed an orc warlord
 28187 | Orc:2    | Found Uciygot's Antique Weapon Shop.
 28190 | Orc:2    | Found Bualawk's Antique Armour Boutique.
 28310 | Orc:2    | Found a staircase to the Elven Halls.
 28492 | Orc:2    | Found Osurr's Armour Emporium.
 28742 | Orc:2    | Bought a distressingly furry chain mail for 266 gold pieces
 28742 | Orc:2    | Identified the +6 chain mail of Saezal {+Blink rN+ Dex+2}
                  | (You bought it in a shop on level 2 of the Orcish Mines)
 28883 | D:13     | Reached skill level 14 in Fighting
 29617 | D:13     | Found a gate to the Vaults.
 29646 | D:13     | Reached XP level 15. HP: 148/165 MP: 20/31
 30212 | D:13     | Reached skill level 15 in Fighting
 31741 | D:14     | Found Epuedika's Book Shop.
 32277 | D:14     | Bought the Unrestrained Analects for 836 gold pieces
 32330 | D:15     | Entered Level 15 of the Dungeon
 32341 | D:15     | Reached skill level 1 in Fire Magic
 32744 | D:15     | Found a staircase to the Depths.
 33477 | D:15     | Found an opulent altar of Gozag.
 33704 | D:15     | Reached skill level 5 in Fire Magic
 34111 | Swamp:1  | Entered Level 1 of the Swamp
 35389 | Swamp:1  | Learned a level 8 spell: Ignition
 36280 | Swamp:2  | Reached XP level 16. HP: 173/173 MP: 32/32
 36444 | Swamp:2  | Noticed a tentacled monstrosity
 36671 | Swamp:2  | Killed a tentacled monstrosity
 37215 | Swamp:3  | Reached skill level 10 in Fire Magic
 38051 | Swamp:4  | Entered Level 4 of the Swamp
 38071 | Swamp:4  | HP: 8/166 [bunyip (28)]
 38071 | Swamp:4  | Slain by a bunyip

Illustrated notes

Levels and vault maps discovered:
D:1:      evilmike_arrival_plus, layout_rooms, serial_bayou_lagoon_b
D:2:      layout_loops_cross, hangedman_decor_growths,
          ebering_dispersal_statue_hall, uniq_sigmund, uniq_jessica
D:3:      layout_loops_ring, minmay_misc_feat_rugged, kennysheep_nub,
          uniq_robin, uniq_ijyb, uniq_terence
D:4:      layout_basic, vehumet_statue, minmay_temple_entry_mist
D:5:      layout_gridville, nicolae_xom_altar_mimics,
          mainiacjoe_overflow_catch_the_wave, elyvilon_altar_5,
          mainiacjoe_overflow_concentric_impassable, nicolae_ossuary_entry_giza,
          uniq_blork_the_orc
D:6:      layout_basic, nicolae_hepliaklqana_hippocampus, minmay_misc_feat_chi,
          kennysheep_generic_room_5
D:7:      layout_loops_ring
D:8:      layout_basic, jmf_multi_god_temple2, nicolae_tso_besieged_by_evil,
          fedhas_altar_2, erik_lair_dragon, nicolae_inconvenience_store,
          hangedman_incinerator
D:9:      layout_small_grid, yredelemnul_altar_generic, bloody_makhleb
D:10:     layout_basic, led_sif_book, okawaru_altar_gauntlet_db,
          ebering_ghost_rock_garden, enter_bailey_5, st_stairs_12, uniq_sonja
D:11:     layout_loops_ring, orc_0_dummy, serial_shops,
          nicolae_shop_overgrown_old_shop, gauntlet_entry_generic
D:12:     layout_small_grid, portal_ice_cave_entry_pillars_2,
          nicolae_ru_awakened_eye
D:13:     kennysheep_windowed_halls, layout_cave_pools, erik_vaults_1
D:14:     wad_bat_island, layout_irregular_city, dreamdust_princess_corridor,
          serial_shops, shop, minivault_16
D:15:     grunt_enter_depths_snipers, layout_grid_maze,
          nicolae_gozag_cash_rules_everything_around_me
Temple:   nicolae_temple_ecumenical_triangle
Lair:1:   layout_loops_ring, serial_bayou_shore_a, uniq_erica
Lair:2:   layout_regular_city, hangedman_lair_generics_rect, grunt_megastairs_5,
          lemuel_fruit_tree, serial_bayou_shore_b
Lair:3:   layout_chaotic_city, swamp_mist_pool,
          hellmonk_spider_entry_not_the_bees, grunt_megastairs_4, uniq_josephine
Lair:4:   layout_cave_pods
Lair:5:   grunt_lair_end_beastmaster, layout_cave_shapes,
          minmay_slime_entry_pillars, serial_forest,
          infiniplex_forest_straight_2, infiniplex_forest_end_2,
          infiniplex_forest_clump_tiny, infiniplex_forest_lined_4_way,
          infiniplex_forest_3_way, infiniplex_forest_zigzag_1,
          infiniplex_forest_straight_2, chequers_serial_rivers_small_b,
          minivault_11, grunt_forest_stairs_basic, st_stairs_5, uniq_nessos
Swamp:1:  layout_basic_swamp, evilmike_swamp_ruin_house_6, swamp_pool1
Swamp:2:  layout_basic_swamp, evilmike_swamp_ruin_house_2
Swamp:3:  layout_basic_swamp, nicolae_swamp_bean_lake, infiniplex_staircase_pool
Swamp:4:  nzn_swamp_witches_coven, layout_basic_swamp, swamp_pool4,
          nzn_swamp_dancing_lights
Orc:1:    layout_caves, serial_shops, shop_statue
Orc:2:    grunt_orc_community_town_hall, layout_caves,
          grunt_orc_community_big_house_2, grunt_orc_community_big_house_1,
          grunt_orc_community_house_1, grunt_orc_community_house_1,
          grunt_orc_community_house_2, grunt_orc_community_house_3,
          grunt_orc_community_house_3, grunt_orc_community_house_1,
          serial_shops, bzr_in_the_mist

Skill      XL: |  1  2  3  4  5  6  7  8  9 10 11 12 13 14 15 16 |
---------------+-------------------------------------------------+-----
Spellcasting   | 2 5 7 |  7.8
Stealth        | 3 4 5 6 |  6.0
Conjurations   | 4 5 7 9 10 11 12 13 | 13.8
Translocations | 1 2 3 4 |  4.5
Fighting       | 1 3 5 7 8 9 11 14 15 | 15.6
Short Blades   | 1 |  1.2
Earth Magic    | 1 5 |  5.0
Shields        | 5 8 9 11 | 11.8
Armour         | 1 7 8 |  8.3
Air Magic      | 2 |  2.8
Dodging        | 3 4 |  4.0
Fire Magic     | 9 10 | 10.5

Action                   |  1- 3 |  4- 6 |  7- 9 | 10-12 | 13-15 | 16-18 || total
-------------------------+-------+-------+-------+-------+-------+-------++-------
Melee: Dagger            |    53 |    60 |   147 |    88 |   240 |    10 ||   598
       Tailslap          |     5 |     4 |    20 |    16 |    55 |     4 ||   104
       Punch             |       |     1 |     2 |       |       |       ||     3
 Cast: Magic Dart        |    15 |     4 |    31 |   254 |   254 |     1 ||   559
       Searing Ray       |     9 |    27 |    37 |       |       |       ||    73
       Iskenderun's Myst |       |       |    31 |    80 |    85 |       ||   196
       Iskenderun's Batt |       |       |     7 |    58 |    56 |       ||   121
       Lee's Rapid Decon |       |       |       |     6 |    66 |       ||    72
       Orb of Destructio |       |       |       |    18 |   121 |    25 ||   164
       Arcjolt           |       |       |       |       |    85 |    20 ||   105
       Ignition          |       |       |       |       |       |     1 ||     1
Invok: Curse Item        |       |     1 |     4 |     5 |     1 |       ||    11
       Shatter the Chain |       |       |       |     1 |     1 |       ||     2
Evoke: Wand              |       |       |       |     3 |       |       ||     3
       Tin of tremorston |       |       |       |       |     1 |       ||     1
  Use: Scroll            |     3 |     3 |     7 |       |     1 |     3 ||    17
       Potion            |       |       |       |     2 |     4 |       ||     6
 Stab: Sleeping          |     4 |     7 |    20 |     3 |    11 |       ||    45
       Distracted        |       |       |     1 |     1 |       |       ||     2
Armor: Robe              |    26 |    25 |   114 |    58 |   161 |    36 ||   420
Dodge: Dodged            |    15 |    24 |   126 |    52 |   119 |    19 ||   355
Block: Other             |       |    13 |    60 |     5 |       |       ||    78
       Reflection        |       |       |     1 |    10 |    29 |     1 ||    41
       Kite shield       |       |       |       |   140 |   441 |    37 ||   618

Table legend: (Time is in decaauts)
 A = Elapsed time spent in this place.
 B = Non-inter-level travel time spent in this place.
 C = Inter-level travel time spent in this place.
 D = Time resting spent in this place.
 E = Time spent auto-exploring this place.
 F = Levels seen in this place.
 G = Mean time per level.
                   A        B        C        D        E       F      G
               +--------+--------+--------+--------+--------+-----+--------+
         Total |  38369 |  36633 |   1736 |   2156 |  29269 |  32 | 1199.0 |
       Dungeon |  19753 |  18610 |   1143 |    713 |  15319 |  15 | 1316.9 |
        Temple |     51 |     47 |      4 |      0 |     37 |   1 |   51.0 |
          Lair |   8821 |   8467 |    354 |    846 |   6596 |   5 | 1764.2 |
         Swamp |   3922 |   3831 |     91 |    325 |   3057 |   4 |  980.5 |
  Orcish Mines |   2013 |   1871 |    142 |      0 |   1412 |   2 | 1006.5 |
        Bazaar |     74 |     74 |      0 |      0 |     50 |   1 |   74.0 |
       Ossuary |    666 |    666 |      0 |     90 |    402 |   1 |  666.0 |
        Bailey |    815 |    815 |      0 |      3 |    664 |   1 |  815.0 |
      Ice Cave |   1406 |   1406 |      0 |    179 |   1095 |   1 | 1406.0 |
      Gauntlet |    845 |    845 |      0 |      0 |    635 |   1 |  845.0 |
               +--------+--------+--------+--------+--------+-----+--------+

Top non-repeatable levels by time:
     D:8: 2339 daAuts
  Lair:5: 2309 daAuts
  Lair:4: 1902 daAuts
  Lair:3: 1837 daAuts
    D:14: 1804 daAuts
    D:13: 1666 daAuts
 Swamp:2: 1616 daAuts
  Lair:2: 1579 daAuts
    D:15: 1550 daAuts
   Orc:2: 1463 daAuts
   IceCv: 1406 daAuts
     D:6: 1357 daAuts
 Swamp:1: 1307 daAuts
    D:10: 1286 daAuts
    D:12: 1212 daAuts
